AoeStats
← Cristobal1012

Arabia

510296606Analyzed
1v1 RM · 1d ago on Sep 30, 2026· 64m 23s· 2 players
Game mode
Random Map
Map size
Tiny (2 player)
Population
200
Speed
Normal
Resources
Standard
Victory
Conquest
Starting age
Dark Age
Ending age
Imperial Age
RankedLock teamsTeams togetherTeam positionsShared explorationLock speedFull tech treeHidden civsTurbo modeCheats
Victory
Defeat
🇨🇱 Poles · Chile
514
+12
🇧🇷 Lithuanians · Brazil
434
-12
wesley1611
11:41 Feudal Age
12:42 Man-at-Arms
13:08 Arson
13:06 Horse Collar
13:13 Double-Bit Axe
23:39 Castle Age
22:05 Scale Mail Armor
27:08 Scale Barding Armor
27:04 Padded Archer Armor
29:23 Husbandry
29:47 Ballistics
30:28 Squires
30:42 Treadmill Crane
32:21 Chain Mail Armor
32:46 Elite Skirmisher
35:33 Fletching
35:54 Forging
36:10 Town Watch
37:50 Bow Saw
43:10 Heavy Plow
45:35 Hill Forts
46:43 Masonry
47:29 Wheelbarrow
47:44 Town Patrol
50:02 Crossbowman
52:48 Hand Cart
57:03 Imperial Age
57:17 Capped Ram
Cristobal1012
10:57 Feudal Age
16:00 Double-Bit Axe
18:00 Loom
25:55 Castle Age
24:23 Stone Mining
36:44 Arson
37:16 Squires
43:40 Imperial Age
43:47 Elite Obuch
57:41 Scale Mail Armor
57:51 Forging
Connection lost

Rejoining the realm…

Still unreachable

The connection could not be restored.

Session expired

The server has moved on; the page needs a fresh start.